 Dungeon Crawl Stone Soup version 0.17.0-26-gececa24 (webtiles) character file.

1443 dorian the Firebug (level 8, -4/46 HPs)
             Began as an Octopode Fire Elementalist on Nov 19, 2015.
             Was a Follower of Vehumet.
             Killed by divine providence
             ... invoked by an orc priest
              (17 damage)
             ... on level 6 of the Dungeon.
             The game lasted 00:13:45 (7454 turns).

dorian the Firebug (Octopode Fire Elementalist)     Turns: 7454, Time: 00:13:45

Health: -4/46      AC:  1    Str: 13    XL:     8   Next: 74%
Magic:  7/11       EV: 13    Int: 19    God:    Vehumet [*.....]
Gold:   236        SH:  0    Dex: 22    Spells: 3 memorised, 3 levels left

rFire  . . .     SeeInvis .     A - +7 mace of the King {drain, Str+5 Dex+7}
rCold  . . .     Clarity  .     (no shield)
rNeg   . . .     SustAt   .     (helmet restricted)
rPois  .         Gourm    .     x - amulet of resist corrosion
rElec  .         Spirit   .     n - +3 ring of dexterity
rCorr  +         Warding  .     (no ring)
rMut   .         Stasis   .     (no ring)
MR     .....                    (no ring)
Stlth  +++++.....               (no ring)
                                (no ring)
                                (no ring)
                                (no ring)

@: not resistant to hostile enchantments, quite stealthy
A: almost no armour, amphibious, 8 rings, constrict 8, camouflage 1, gelatinous
body 1
a: Renounce Religion


You were on level 6 of the Dungeon.
You worshipped Vehumet.
Vehumet was aware of your devotion.
You were not hungry.

You visited 2 branches of the dungeon, and saw 7 of its levels.

You collected 236 gold pieces.

Inventory:

Hand Weapons
 l - a +4 dagger
 w - a +4 rapier
 y - a +1 war axe of electrocution
 A - the +7 mace of the King (weapon) {drain, Str+5 Dex+7}
   (You took it off an orc priest on level 5 of the Dungeon)

   A truly terrible weapon, it drains the life of those it strikes.
   It affects your strength (+5).
   It affects your dexterity (+7).
Jewellery
 n - a +3 ring of dexterity (left tentacle)
 s - an uncursed amulet of stasis
 t - an uncursed ring of loudness
 x - an amulet of resist corrosion (around mantle)
Wands
 h - a wand of slowing (24)
 v - a wand of cold (8)
 C - a wand of frost (29)
Scrolls
 c - 3 scrolls of immolation
 d - a scroll of identify
 e - 2 scrolls of noise
 f - 4 scrolls of remove curse
 k - 2 scrolls of random uselessness {unknown}
 o - 2 scrolls of enchant weapon
 B - a scroll of recharging {unknown}
 E - a scroll of teleportation
Potions
 i - 2 potions of cancellation
 m - a potion of ambrosia
 p - a potion of haste {unknown}
 r - a potion of curing
 u - a potion of lignification {unknown}
 z - a potion of mutation {unknown}
 D - a potion of degeneration {unknown}
 F - a potion of flight {unknown}
 G - a potion of cure mutation {unknown}
Books
 a - a book of Flames

   Spells                             Type                      Level
   a - Flame Tongue                   Conjuration/Fire             1
   b - Throw Flame                    Conjuration/Fire             2
   c - Conjure Flame                  Conjuration/Fire             3
   d - Inner Flame                    Hexes/Fire                   3
   e - Sticky Flame                   Conjuration/Fire             4
   f - Fireball                       Conjuration/Fire             5
Comestibles
 b - 7 bread rations
 g - 3 meat rations
 j - 2 royal jellies
 q - 2 chunks of flesh


   Skills:
 - Level 2.0 Dodging
 - Level 5.0 Stealth
 - Level 2.0 Spellcasting
 + Level 7.3 Conjurations
 + Level 7.6 Fire Magic


You had 3 spell levels left.
You knew the following spells:

 Your Spells              Type           Power        Failure   Level  Hunger
a - Flame Tongue          Conj/Fire      ####.        1%          1    #......
b - Conjure Flame         Conj/Fire      ####....     2%          3    ###....
c - Sticky Flame          Conj/Fire      ####....     12%         4    #####..


Dungeon Overview and Level Annotations

Branches:
Dungeon (6/15)             Temple (1/1) D:4

Altars:
Ashenzari
Cheibriados
Elyvilon
Gozag
Kikubaaqudgha
Makhleb
Okawaru
Qazlal
Ru
Trog
Vehumet
Xom
Yredelemnul
The Shining One
Jiyva


Innate Abilities, Weirdness & Mutations

You cannot wear most types of armour.
You are amphibious.
You can wear up to eight rings at the same time.
You can use your tentacles to constrict eight enemies at once.
Your skin changes colour to match your surroundings (Stealth).
Your rubbery body absorbs attacks (AC +1).


Message History

The orc wizard casts a spell at you. The magic dart hits you!
* * * LOW HITPOINT WARNING * * *
Casting: Flame Tongue
Confirm with . or Enter, or press ? or * to list all spells.
Aiming: Flame Tongue
Press: ? - help, Shift-Dir - straight line, f/p - orc wizard
Aim: an orc wizard, wielding a dagger and wearing a robe (heavily wounded, fast)
The flame tongue hits the orc wizard.
You kill the orc wizard!
Vehumet accepts your kill.
Casting: Flame Tongue
Confirm with . or Enter, or press ? or * to list all spells.
Aiming: Flame Tongue
Press: ? - help, Shift-Dir - straight line, f - orc priest
Aim: an orc priest The flame tongue misses the orc priest.
The orc priest calls down the wrath of Beogh upon you.
Something smites you!
You die...

..#...'..._...+...+.#
#.# #...
..#...........#.....#
#.##♣.>.
..##.##.......##.##.#
#.#.....
.(...#.........#....#
#.'...♣.
.....#⌠.##+.#.⌠#..###
##.#.....
..)..####...###..##
#..##♣.<.
........#...#....##
#...##...
........#...#..#..##
##..#####
........#.###.##@..#
#.......
..............##...#
#.......
.......#########..##
#....... .....###
##).# ##.......
....## ##.o##
##...#.... ..###
#..## ##..####... ###
##.## ##..## ##..
#### ##.## ##..## ###
....# ##.## ##..##


You could see an orc priest.

Vanquished Creatures
  A phantom (D:4)
  A necrophage (D:6)
  A centaur (D:5)
  2 giant frogs (D:6)
  A scorpion (D:6)
  3 crimson imps (D:5)
  A giant frog zombie (D:6)
  4 orc wizards
  4 iguanas
  4 jellies
  A hound (D:4)
  5 orc priests
  Jessica (D:2)
  3 worker ants
  2 hound zombies
  A worker ant zombie (D:5)
  2 shadow imps (D:5)
  8 adders
  7 oozes
  An adder zombie (D:5)
  2 worms (D:2)
  An adder skeleton (D:6)
  A giant gecko (D:4)
  15 orcs
  4 ball pythons
  10 hobgoblins
  2 jackals
  A quokka (D:6)
  11 bats
  5 giant cockroaches
  7 giant newts
  14 goblins
  A jackal skeleton (D:4)
  11 kobolds
  2 rats (D:3)
140 creatures vanquished.

Vanquished Creatures (others)
  A toadstool (D:4)
1 creature vanquished.

Grand Total: 141 creatures vanquished

Notes
Turn   | Place    | Note
--------------------------------------------------------------
     0 | D:1      | dorian the Octopode Fire Elementalist began the quest for the Orb.
     0 | D:1      | Reached XP level 1. HP: 11/11 MP: 3/3
    77 | D:1      | Reached XP level 2. HP: 17/17 MP: 1/5
   696 | D:1      | Reached XP level 3. HP: 21/21 MP: 2/6
  1136 | D:2      | Reached XP level 4. HP: 27/27 MP: 7/7
  1277 | D:2      | Noticed Jessica
  1306 | D:2      | Killed Jessica
  1306 | D:2      | Reached skill level 4 in Fire Magic
  1491 | D:2      | Found a glowing golden altar of the Shining One.
  1689 | D:3      | Found a faded altar to an unknown god.
  1700 | D:3      | Found a white marble altar of Elyvilon.
  1705 | D:3      | Found a sacrificial altar of Ru.
  1858 | D:3      | Reached XP level 5. HP: 27/31 MP: 6/8
  1866 | D:3      | Learned a level 3 spell: Conjure Flame
  1871 | D:3      | Learned a level 4 spell: Sticky Flame
  2143 | D:3      | Found a snail-covered altar of Cheibriados.
  3077 | D:4      | Noticed a phantom
  3114 | D:4      | Killed a phantom
  3114 | D:4      | Reached XP level 6. HP: 23/36 MP: 1/9
  3365 | D:5      | Entered Level 5 of the Dungeon
  3401 | D:5      | Reached skill level 5 in Stealth
  3578 | D:4      | Reached skill level 5 in Fire Magic
  4117 | D:4      | Reached XP level 7. HP: 20/41 MP: 0/10
  4257 | D:4      | Found a viscous altar of Jiyva.
  4446 | D:4      | Found a staircase to the Ecumenical Temple.
  4452 | Temple   | Entered the Ecumenical Temple
  4460 | Temple   | Became a worshipper of Vehumet
  4535 | D:4      | Reached skill level 5 in Conjurations
  5254 | D:5      | Got a steaming mace {drain}
  5257 | D:5      | Identified the +7 mace of the King {drain, Str+5 Dex+7} (You took it off an orc priest on level 5 of the Dungeon)
  5613 | D:5      | Reached skill level 6 in Fire Magic
  6310 | D:5      | Reached XP level 8. HP: 34/46 MP: 9/11
  6495 | D:5      | Found an opulent altar of Gozag.
  6541 | D:5      | Reached * piety under Vehumet
  6541 | D:5      | Offered knowledge of Sandblast by Vehumet.
  6674 | D:6      | Reached skill level 7 in Fire Magic
  7155 | D:6      | Found a shattered altar of Ashenzari.
  7454 | D:6      | Killed from afar by an orc priest

Action                   |  1- 3 |  4- 6 |  7- 9 || total
-------------------------+-------+-------+-------++-------
Melee: Dagger            |    13 |    53 |    10 ||    76
       Unarmed           |     2 |       |       ||     2
       Mace              |       |       |    46 ||    46
       Rapier            |       |       |     8 ||     8
 Cast: Flame Tongue      |    39 |    95 |    62 ||   196
       Sticky Flame      |       |       |     1 ||     1
  Use: Scroll            |       |     9 |     2 ||    11
       Potion            |       |     1 |     1 ||     2
 Stab: Sleeping          |     6 |     8 |    14 ||    28
  Eat: Chunk             |     1 |     7 |     7 ||    15
       Pizza             |       |     1 |     2 ||     3
       Beef jerky        |       |     1 |     1 ||     2
